 Dungeon Crawl Stone Soup version 0.30-a0-46-g5a63ccc183 (webtiles) character file.

Game seed: 632935550539791600

6 ytrimaz the Insei (level 1, -1/13 HPs)
             Began as an Octopode Transmuter on Sept 1, 2022.
             Slain by a goblin
             ... wielding a +0 club
              (5 damage)
             ... on level 1 of the Dungeon.
             The game lasted 00:00:18 (163 turns).

ytrimaz the Insei (Octopode Transmuter)              Turns: 163, Time: 00:00:18

Health: -1/13      AC:  1    Str:  9    XL:     1   Next: 90%
Magic:  3/3        EV: 13    Int: 15    God:
Gold:   0          SH:  0    Dex: 12    Spells: 3/4 levels left

rFire   . . .      SeeInvis .      - Unarmed
rCold   . . .      Faith    .    (no shield)
rNeg    . . .      Spirit   .    (helmet currently unavailable)
rPois   .          Reflect  .    (no amulet)
rElec   .          Harm     .    (no ring)
rCorr   .          Rampage  .    (no ring)
Will    .....                    (no ring)
Stlth   ++........               (no ring)
HPRegen 0.04/turn                (no ring)
MPRegen 0.08/turn                (no ring)
                                 (no ring)
                                 (no ring)

@: appendages (expiring)
A: tentacle spike 3, almost no armour, amphibious, 8 rings, camouflage 1,
gelatinous body 1, (nimble swimmer 1), tentacles
a: End Transformation


You were on level 1 of the Dungeon.
One of your tentacles had grown a beastly spike.
You visited 1 branch of the dungeon, and saw 1 of its levels.


Innate Abilities, Weirdness & Mutations

One of your tentacles has grown a beastly spike.
You cannot wear most types of armour.
You are amphibious.
You can wear up to eight rings at the same time.
Your skin changes colour to match your surroundings (Stealth+).
Your rubbery body absorbs attacks. (AC +1, EV +1)
((You are camouflaged when in or above water. (Stealth+)))
You have tentacles for arms and can constrict up to eight enemies at once.


   Skills:
 - Level 1.0 Fighting
 + Level 2.6 Dodging
 - Level 3.0 Unarmed Combat
 - Level 2.0 Spellcasting
 - Level 2.0 Transmutations


You had 3 spell levels left.
You knew the following spells:

 Your Spells              Type           Power      Damage    Failure   Level
a - Beastly Appendage     Tmut           14%        N/A       10%         1

Your spell library contained the following spells:

 Spells                   Type           Power      Damage    Failure   Level
 Wereblood                Tmut           7%         N/A       14%         2
 Spider Form              Tmut/Pois      4%         N/A       41%         3
 Ice Form                 Ice/Tmut       4%         N/A       82%         4

Inventory:

Missiles
 b - 2 stones {throwing}
Potions
 a - a potion of lignification {!q}

Dungeon Overview and Level Annotations

Branches:
Dungeon (1/15) Zot: 5836

Altars:

≈§§≈§§P..≈≈≈≈≈≈≈≈≈....
§§.§§§..P≈≈≈..........
§§§[....P.........####
## ##...[.......######
....#######.######
...#...##.#.#
.#......#...##
.....!..†....#
.#......#@##.#
#....w##g# .#
.....>r........#
.#.....#.........
#...g##..####.##
...... .... ..#
......##.## # #. #.


You could see a goblin.


Message History

You open the door.
Found a stone staircase leading down.
There is an open door here.
As you open the door, it creaks loudly!
One of your tentacles grows a vicious spike. 😎 MP[-1]
You lost 1 mp, and now have 2/3 mp.
Your transformation is almost over.
Your tentacle spike disappears.
There is an open door here.
You open the door.
There is an open door here.
As you open the door, it creaks loudly! 😎 MP[+1]
Your mp is fully restored (3).
There is an open door here.
b - 2 stones {throwing} You open the door.
There is an open door here.
Key pressed, stopping explore.
You open the gate.
There is an open gate here.
A giant cockroach comes into view.
Found an escape hatch in the floor.
A giant cockroach is nearby!
A giant cockroach is nearby!
One of your tentacles grows a vicious spike. 😎 MP[-1]
You lost 1 mp, and now have 2/3 mp.
Your transformation is almost over.
A hobgoblin comes into view.
A dart slug and a rat come into view.
The hobgoblin shouts!
You start resting.
A dart slug is nearby!
Unknown command.
A goblin comes into view. It is wielding a +0 club.
Your tentacle spike disappears. 😎 MP[+1]
Your mp is fully restored (3).
Casting: Beastly Appendage (safe; 10% risk of failure)
Confirm with . or Enter, or press ? or * to list all spells.
You don't know that spell.
Unknown command.
Casting: Beastly Appendage (safe; 10% risk of failure)
Confirm with . or Enter, or press ? or * to list all spells.
One of your tentacles grows a vicious spike.
The goblin shouts! 😎 MP[-1]
You lost 1 mp, and now have 2/3 mp.
Unknown command.
You barely miss the hobgoblin. You grab the hobgoblin.
You pierce the hobgoblin.
You constrict the hobgoblin, but do no damage.
You tentacle-slap the hobgoblin.
You kill the hobgoblin!
Unknown command.
Unknown command.
The giant cockroach bites you. 😕 HP[-2]
You take 2 damage, and now have 11/13 hp.
You closely miss the giant cockroach. You grab the giant cockroach.
You constrict the giant cockroach, but do no damage.
The rat closely misses you. The giant cockroach bites you. 😕 HP[-1]
You take 1 damage, and now have 10/13 hp.
You tentacle-slap the giant cockroach.
You kill the giant cockroach!
Your transformation is almost over.
The rat misses you.
You closely miss the rat. Your grab misses the rat.
You pierce the rat.
You kill the rat!
The dart slug bites you. 😮 HP[-1]
You take 1 damage, and now have 9/13 hp.
You are too injured to fight recklessly!
Unknown command.
You are too injured to fight recklessly!
You tentacle-slap the dart slug. You grab the dart slug.
You constrict the dart slug. The goblin misses you.
Unknown command.
You tentacle-slap the dart slug but do no damage.
You pierce the dart slug.
You squeeze the dart slug. You constrict the dart slug. The goblin misses you.
The dart slug launches a dart at you. The slug dart hits you.
* * * LOW HITPOINT WARNING * * *
You are too injured to fight recklessly! 😨 HP[-5]
You take 5 damage, and now have 4/13 hp.
MASSIVE DAMAGE!! (PAUSE)
You barely miss the goblin. Your grab misses the goblin.
Your tentacle spike misses the goblin.
Your squeeze misses the goblin. You constrict the dart slug.
You kill the dart slug!
The goblin barely misses you.
Unknown command.
You tentacle-slap the goblin. Your grab misses the goblin.
The goblin hits you with a +0 club.
You die...

Action                   || total
-------------------------++-------
Melee: Unarmed           ||     9
       Constrict         ||     3
       Kick              ||     3
       Tentacles         ||     1
 Cast: Beastly Appendage ||     3
Dodge: Dodged            ||     5

Levels and vault maps discovered:
D:1:      dpeg_arrival_water_fire, layout_loops_ring,
          dreamdust_ecumenical_altar_sealed_demon, serial_shops,
          nicolae_shop_trees, minmay_crystal_water

Notes
Turn   | Place    | Note
-------+----------+-------------------------------------------
     0 | D:1      | ytrimaz the Octopode Transmuter began the quest for the
                  | Orb.
     0 | D:1      | Reached XP level 1. HP: 13/13 MP: 3/3
     0 | D:1      | magus.rc [v1.9.6]
   163 | D:1      | Slain by a goblin

Vanquished Creatures
  A dart slug (D:1)
  A giant cockroach (D:1)
  A hobgoblin (D:1)
  A rat (D:1)
4 creatures vanquished.

Table legend:
 A = Non-vault XP
 B = Vault XP
 C = Vault XP percentage of total XP
 D = Non-vault monster count
 E = Vault monster count
 F = Vault count percentage of total count
                 A         B        C        D         E       F
            +---------+---------+-------+---------+---------+-------
      Total |       9 |       0 |   0.0 |       4 |       0 |   0.0
            +---------+---------+-------+---------+---------+-------
        D:1 |       9 |       0 |   0.0 |       4 |       0 |   0.0
            +---------+---------+-------+---------+---------+-------

Illustrated notes

Table legend:
 A = Kills in this place as a percentage of kills in entire the game.
 B = Kills by you in this place as a percentage of kills by you in the entire game.
 C = Kills by friends in this place as a percentage of kills by friends in the entire game.
 D = Other kills in this place as a percentage of other kills in the entire game.
 E = Experience gained in this place as a percentage of experience gained in the entire game.
 F = Experience gained in this place divided by the number of levels of this place that you have seen.
                   A       B       C       D       E      F
               +-------+-------+-------+-------+-------+----------------------
         Total | 100.0 | 100.0 |   N/A |   N/A | 100.0 |   9.0
       Dungeon | 100.0 | 100.0 |   N/A |   N/A | 100.0 |   9.0
               +-------+-------+-------+-------+-------+----------------------

Table legend: (Time is in decaauts)
 A = Elapsed time spent in this place.
 B = Non-inter-level travel time spent in this place.
 C = Inter-level travel time spent in this place.
 D = Time resting spent in this place.
 E = Time spent auto-exploring this place.
 F = Levels seen in this place.
 G = Mean time per level.
                   A        B        C        D        E       F      G
               +--------+--------+--------+--------+--------+-----+--------+
         Total |    162 |    162 |      0 |      5 |    132 |   1 |  162.0 |
       Dungeon |    162 |    162 |      0 |      5 |    132 |   1 |  162.0 |
               +--------+--------+--------+--------+--------+-----+--------+

Top non-repeatable levels by time:
     D:1: 162 daAuts
